 Dungeon Crawl Stone Soup version 0.23.2-30-g0e89c35649 (webtiles) character file.

Game seed: 10230598214516486905

42 Dovamih the Insei (level 3, -2/18 HPs)
             Began as a Vine Stalker Transmuter on June 6, 2019.
             Splashed by a jelly's acid (7 damage)
             ... on level 2 of the Dungeon.
             The game lasted 00:02:41 (1383 turns).

Dovamih the Insei (Vine Stalker Transmuter)         Turns: 1383, Time: 00:02:41

Health: -2/18      AC: -1    Str: 12    XL:     3   Next: 54%
Magic:  0/7        EV: 12    Int: 14    God:
Gold:   84         SH:  0    Dex: 14    Spells: 5/6 levels left

rFire    . . .     SeeInvis .     - Unarmed
rCold    + . .     Gourm    .   (no shield)
rNeg     . . .     Faith    .   j - +0 leather armour (curse)
rPois    .         Spirit   +   (no helmet)
rElec    .         Reflect  .   e - scarf {repulsion}
rCorr    .         Harm     .   (no gloves)
MR       .....                  (no boots)
Stlth    +.........             (no amulet)
HPRegen  0.06/turn              i - ring of protection from cold
MPRegen  0.10/turn              (no ring)

@: appendage, corroded, repel missiles
A: fangs 2, horns 2, magic shield, antimagic bite, no potion heal 3, rot
immunity
a: End Transformation


You were on level 2 of the Dungeon.
You were hungry.
You had grown temporary horns.
You visited 1 branch of the dungeon, and saw 2 of its levels.

You collected 84 gold pieces.

Inventory:

Missiles
 a - 12 arrows
Armour
 b - a +0 robe
 e - a scarf of repulsion (worn)
 j - a cursed +0 leather armour (worn)
Jewellery
 i - a ring of protection from cold (left hand)
Wands
 m - a wand of flame (15)
Scrolls
 f - a scroll of fear {unknown}
 g - 2 scrolls of teleportation {unknown}
 h - 4 scrolls of identify {unknown}
 k - a scroll of magic mapping {unknown}
Potions
 c - a potion of curing {unknown}
 l - a potion of heal wounds {unknown}
Comestibles
 d - a ration


   Skills:
 * Level 1.5 Fighting
 * Level 2.1 Dodging
 + Level 3.2 Unarmed Combat
 + Level 2.4 Spellcasting
 * Level 2.5 Transmutations


You had 5 spell levels left.
You knew the following spells:

 Your Spells              Type           Power        Failure   Level  Hunger
a - Beastly Appendage     Tmut           #.....       11%         1    #......

Your spell library contained the following spells:

 Spells                   Type           Power        Failure   Level  Hunger
 Sticks to Snakes         Tmut           #.......     16%         2    ###....
 Spider Form              Tmut/Pois      #.........   45%         3    ###....
 Ice Form                 Ice/Tmut       #.......     86%         4    #####..
 Blade Hands              Tmut           #.........   96%         5    ######.


Dungeon Overview and Level Annotations

Branches:
Dungeon (2/15)

Altars:


Innate Abilities, Weirdness & Mutations

You have extremely sharp teeth.
When hurt, damage is shared between your health and your magic reserves.
Your bite disrupts and absorbs the magic of your enemies.
Potions cannot restore your health.
You are immune to rotting.
You have a pair of horns on your head.


Message History

You closely miss the goblin.
The goblin is severely wounded.
The goblin hits you but does no damage.
Casting: Beastly Appendage (safe; 11% risk of failure)
Confirm with . or Enter, or press ? or * to list all spells.
You grow a pair of large bovine horns.
The goblin hits you with a +0 dagger.
You hit the goblin but do no damage. You headbutt the goblin.
You kill the goblin!
You hit the jelly. The acid corrodes you!
Your hands burn!
You headbutt the jelly.
The jelly is severely wounded.
You hit the jelly.
Your hands burn!
You bite the jelly, but do no damage.
The jelly is severely wounded.
The jelly closely misses you.
You hit the jelly but do no damage.
Your hands burn!
The jelly is severely wounded.
The jelly hits you.
* * * LOW HITPOINT WARNING * * *
The acid corrodes you!
You are splashed with acid!
You die...

>.. # ........#..
....#. ..#.......
.....##.......#######
#S...............#
...#.#.รท##..........#
.....g.<.............#
....##.####..........#
.. ... #J)........#
#.### #@.........# #
#..........#
#..........#
#.........[#
############


You could see a jelly.

Vanquished Creatures
  2 adders (D:2)
  A dart slug (D:1)
  2 giant cockroaches
  4 goblins
  2 hobgoblins (D:1)
  3 bats (D:1)
  2 frilled lizards
  3 kobolds (D:1)
  3 rats (D:1)
22 creatures vanquished.

Notes
Turn   | Place    | Note
-------+----------+-------------------------------------------
     0 | D:1      | Dovamih the Vine Stalker Transmuter began the quest for the
                  | Orb.
     0 | D:1      | Reached XP level 1. HP: 9/9 MP: 4/4
    17 | D:1      | Reached skill level 1 in Fighting
   477 | D:1      | Reached XP level 2. HP: 14/14 MP: 6/6
  1218 | D:2      | Reached XP level 3. HP: 14/18 MP: 7/7
  1383 | D:2      | Splashed by a jelly's acid

Skill      XL: |  1  2 |
---------------+-------+-----
Fighting       | 1 |  1.5
Dodging        | 2 |  2.1
Unarmed Combat | |  3.2
Spellcasting   | |  2.4
Transmutations | |  2.5

Action                   || total
-------------------------++-------
Melee: Unarmed           ||    60
       Bite              ||    12
       Kick              ||     3
       Headbutt          ||     4
       Punch             ||     1
 Cast: Beastly Appendage ||    11
 Stab: Sleeping          ||     3
  Eat: Chunk             ||     1
Armor: Robe              ||     3
       Leather armour    ||     7
Dodge: Dodged            ||    31
